 Dungeon Crawl Stone Soup version 0.29-a0-72-g1732ff48e7 (webtiles) character file.

Game seed: 18145333930203484598

86 fragbeetle the Chopper (level 4, -1/40 HPs)
             Began as a Hill Orc Cinder Acolyte on Feb 4, 2022.
             Was a High Priest of Ignis.
             Slain by a gnoll (5 damage)
             ... on level 3 of the Dungeon.
             The game lasted 00:03:57 (2694 turns).

fragbeetle the Chopper (Hill Orc Cinder Acolyte)    Turns: 2694, Time: 00:03:58

Health: -1/40      AC:  4    Str: 18    XL:     4   Next: 50%
Magic:  3/5        EV: 11    Int: 14    God:    Ignis [*****.]
Gold:   130        SH:  0    Dex:  6    Spells: 3/5 levels left

rFire   + + .      SeeInvis .   r - staff of fire
rCold   . . .      Faith    .   (no shield)
rNeg    . . .      Spirit   .   c - +0 leather armour
rPois   .          Reflect  .   i - +0 helmet
rElec   .          Harm     .   (no cloak)
rCorr   .          Rampage  .   (no gloves)
Will    .....                   (no boots)
Stlth   +.........              (no amulet)
HPRegen 0.13/turn               (no ring)
MPRegen 0.09/turn               (no ring)

@: no status effects
A: no striking features
a: Renounce Religion, Fiery Armour, Foxfire Swarm, Rising Flame


You were on level 3 of the Dungeon.
You worshipped Ignis.
Ignis was extremely pleased with you.
You visited 1 branch of the dungeon, and saw 4 of its levels.

You collected 130 gold pieces.

Inventory:

Hand Weapons
 a - a -1 hand axe of flaming
Missiles
 b - 42 sling bullets
 f - 2 throwing nets
 p - 5 boomerangs
Armour
 c - a +0 leather armour (worn)
 i - a +0 helmet (worn)
Magical Staves
 q - a staff of air
 r - a staff of fire (weapon)
Scrolls
 d - a scroll of enchant weapon {unknown}
 e - 2 scrolls of identify {unknown}
 g - a scroll of noise {unknown}
 j - a scroll of magic mapping {unknown}
 k - a scroll of fog {unknown}
 n - a scroll of immolation {unknown}
Potions
 h - a potion of ambrosia {unknown}
 l - a potion of heal wounds {unknown}
 m - a potion of curing {unknown}
 o - 2 potions of might {unknown}


   Skills:
 + Level 4.2 Fighting
 * Level 5.3 Axes
 - Level 1.0 Spellcasting
 * Level 4.4 Fire Magic


You had 3 spell levels left.
You knew the following spells:

 Your Spells              Type           Power      Damage    Failure   Level
a - Scorch                Fire           38%        2d7       8%          2

Your spell library contained the following spells:

 Spells                   Type           Power      Damage    Failure   Level
 Stone Arrow              Conj/Erth      0%         3d7       67%         3
 Animate Armour           Summ/Erth      0%         N/A       97%         4
 Lehudib's Crystal Spear  Conj/Erth      0%         10d2      100%        8


Dungeon Overview and Level Annotations

Branches:
Dungeon (4/15)
 Temple: D:4-7

Altars:
Elyvilon
Vehumet


Message History

Your -1 hand axe of flaming stops flaming.
r - a staff of fire (weapon)
Done exploring.
(D) Dungeon
Where to? (Enter - D:3 @ (x,y), ? - help)
What level of the Dungeon? (default 1, ? - help)
There is a white marble altar of Elyvilon here.
You enter the shallow water.
Moving in this stuff is going to be slow.
There is a stone staircase leading down here.
You climb downwards.
The endoplasm quivers.
The ogre shouts!
The gnoll shaman shouts!
The gnoll shouts! x5
You hear a shout!
Found seven items.
Found a stone staircase leading down and a stone staircase leading up.
There is a stone staircase leading up here.
There are monsters nearby!
The gnoll closely misses you. The gnoll hits you but does no damage.
The gnoll shaman hits you with a +0 club!
The gnoll hits you with a +0 halberd!
You climb upwards.
There is a stone staircase leading down here.
You feel a surge of power!
Flames lash the gnoll.
The gnoll is lightly wounded.
The gnoll's fire resistance burns away.
The gnoll hits you with a +0 halberd! The gnoll shaman closely misses you.
The gnoll closely misses you.
You are too injured to fight recklessly!
The gnoll shaman hits you with a +0 club.
* * * LOW HITPOINT WARNING * * *
The gnoll closely misses you. The gnoll completely misses you.
The gnoll closely misses you.
The gnoll shaman calls upon its god to speed up the gnoll.
The gnoll seems to speed up.
The gnoll hits you with a +0 club.
* * * LOW HITPOINT WARNING * * *
The gnoll is no longer more vulnerable to fire.
The gnoll hits you with a +0 club.
* * * LOW HITPOINT WARNING * * *
The gnoll hits you from afar with a +0 halberd.
You die...

#.#...... #.#..####
#.#..# #.#..# #######
#.#..# #.....# #.#..##
#.....########.#...###
#.....'...............
#....@########.##..###
#....g# #.#...#
#..g..# #.#.#.###
#)...g# #.#.#....
#.....########.#.###..
##>................+..
#######.......#####..
#.......# #..
#.......# #..


You could see a gnoll shaman and 2 gnolls.

Vanquished Creatures
  5 adders
  A worm (D:2)
  2 dart slugs (D:1)
  3 bats
  2 endoplasms
  5 giant cockroaches
  2 goblins (D:1)
  3 hobgoblins
  3 quokkas
  2 ball pythons
  2 frilled lizards (D:2)
  A kobold (D:2)
  4 rats
35 creatures vanquished.

Vanquished Creatures (others)
  2 plants (D:1)
2 creatures vanquished.

Grand Total: 37 creatures vanquished

Notes
Turn   | Place    | Note
-------+----------+-------------------------------------------
     0 | D:1      | fragbeetle the Hill Orc Cinder Acolyte began the quest for
                  | the Orb.
     0 | D:1      | Reached XP level 1. HP: 19/19 MP: 2/2
   315 | D:1      | Reached XP level 2. HP: 25/27 MP: 3/3
   324 | D:1      | Learned a level 2 spell: Scorch
   382 | D:1      | Found a faded altar of an unknown god.
  1039 | D:2      | Reached XP level 3. HP: 28/33 MP: 1/4
  1386 | D:2      | Reached skill level 5 in Axes
  1386 | D:2      | Reached XP level 4. HP: 40/40 MP: 0/5
  1671 | D:3      | Found a radiant altar of Vehumet.
  2075 | D:3      | Found a white marble altar of Elyvilon.
  2686 | D:4      | Noticed a scorpion
  2686 | D:4      | Noticed an ogre
  2694 | D:3      | Slain by a gnoll

Illustrated notes

Levels and vault maps discovered:
D:1:      minmay_arrival_doors, layout_loops_ring,
          shapermc_ecumenical_altar_mp_ritualfount,
          nicolae_concentric_dashed_squares_wild, minivault_14
D:2:      layout_rooms, minmay_bisected
D:3:      layout_basic, nicolae_elyvilon_peaceful_grove, lemuel_crystal_altar,
          grunt_ministairs_15, kennysheep_generic_room_16
D:4:      layout_rooms, trog_butcher_becter, minmay_temple_entry_butterflies,
          uniq_grinder

Skill      XL: |  1  2  3 |
---------------+----------+-----
Fighting       | 4 |  4.2
Fire Magic     | 4 |  4.4
Axes           | 5 |  5.3
Spellcasting   | |  1.0

Action                   |  1- 3 |  4- 6 || total
-------------------------+-------+-------++-------
Melee: Hand axe          |    76 |    22 ||    98
       Punch             |     2 |       ||     2
 Cast: Scorch            |     6 |     5 ||    11
Armor: Leather armour    |    16 |     5 ||    21
       Robe              |     1 |       ||     1
Dodge: Dodged            |    46 |    22 ||    68

Table legend: (Time is in decaauts)
 A = Elapsed time spent in this place.
 B = Non-inter-level travel time spent in this place.
 C = Inter-level travel time spent in this place.
 D = Time resting spent in this place.
 E = Time spent auto-exploring this place.
 F = Levels seen in this place.
 G = Mean time per level.
                   A        B        C        D        E       F      G
               +--------+--------+--------+--------+--------+-----+--------+
         Total |   2702 |   2499 |    203 |     19 |   2177 |   4 |  675.5 |
       Dungeon |   2702 |   2499 |    203 |     19 |   2177 |   4 |  675.5 |
               +--------+--------+--------+--------+--------+-----+--------+

Top non-repeatable levels by time:
     D:3: 1102 daAuts
     D:1: 1030 daAuts
     D:2: 567 daAuts
     D:4: 1 daAuts
